 Dungeon Sprint DCSS version 0.18-a0-1354-gbc5753f (webtiles) character file.

2880 Kidiri the Covert (level 9, -11/47 HPs)
             Began as a Spriggan Enchanter on Feb 19, 2016.
             Was an Initiate of Dithmenos.
             Mangled by a slime creature (20 damage)
             ... in the Dungeon (Sprint II: "The Violet Keep of Menkaure").
             The game lasted 00:06:02 (1360 turns).

Kidiri the Covert (Spriggan Enchanter)              Turns: 1360, Time: 00:06:02

Health: -11/47     AC:  3    Str:  4    XL:     9   Next: 48%
Magic:  19/24      EV: 29    Int: 18    God:    Dithmenos [......]
Gold:   662        SH:  0    Dex: 18    Spells: 9 memorised, 3 levels left

rFire  . . .     SeeInvis +     a - +1 dagger
rCold  . . .     Gourm    .     b - +1 robe
rNeg   . . .     Faith    .     (shield restricted)
rPois  .         Spirit   .     (helmet restricted)
rElec  .         Dismiss  .     (no cloak)
rCorr  .         Reflect  .     (gloves unavailable)
SustAt .         Harm     .     (boots unavailable)
MR     +....     NoTele   +     (no amulet)
Stlth  +++++++...               (no ring)
                                (no ring)

@: very quick, somewhat resistant to hostile enchantments, extremely stealthy
A: unfitting armour, see invisible, herbivore 3, speed 3, slow metabolism 2
a: Renounce Religion


You were in the Dungeon.
You worshipped Dithmenos.
Dithmenos was noncommittal.
You were not hungry.

You visited 1 branch You collected 1152 gold pieces.
You spent 490 gold pieces at shops.

Inventory:

Hand Weapons
 a - a +1 dagger (weapon)
Armour
 b - a +1 robe (worn)
Scrolls
 j - a scroll of blinking
Potions
 e - a potion of curing
 f - a potion of heal wounds
 g - a potion of haste
 h - 3 potions of magic
Books
 c - a book of Maledictions

   Spells                             Type                      Level
   a - Corona                         Hexes                        1
   b - Ensorcelled Hibernation        Hexes/Ice                    2
   c - Confuse                        Hexes                        3
   d - Tukima's Dance                 Hexes                        3
   e - Dazzling Spray                 Conjuration/Hexes            3
 i - a book of Geomancy

   Spells                             Type                      Level
   a - Sandblast                      Earth                        1
   b - Passwall                       Transmutation/Earth          2
   c - Stone Arrow                    Conjuration/Earth            3
   d - Petrify                        Transmutation/Earth          4
   e - Lee's Rapid Deconstruction     Earth                        5
Comestibles
 d - a bread ration


   Skills:
 + Level 5.0 Fighting
 * Level 9.7 Short Blades
 + Level 4.6 Armour
 * Level 12.4 Dodging
 * Level 13.8 Stealth
 * Level 10.8 Spellcasting
 + Level 3.2 Conjurations
 + Level 8.3 Hexes
 + Level 3.2 Transmutations
 + Level 3.5 Ice Magic
 * Level 3.5 Earth Magic
 + Level 1.4 Invocations


You had 3 spell levels left.
You knew the following spells:

 Your Spells              Type           Power        Failure   Level  Hunger
a - Corona                Hex            #####..      1%          1    None
b - Ensorcelled Hibernat  Hex/Ice        ####..       1%          2    None
c - Confuse               Hex            #####...     1%          3    None
d - Tukima's Dance        Hex            #####...     1%          3    None
e - Dazzling Spray        Conj/Hex       ####....     1%          3    None
f - Passwall              Trmt/Erth      ###.......   2%          2    None
g - Stone Arrow           Conj/Erth      ###...       6%          3    None
h - Petrify               Trmt/Erth      ###.....     21%         4    ##.....
i - Lee's Rapid Deconstr  Erth           ###.......   54%         5    #####..


Dungeon Overview and Level Annotations

Branches:
Dungeon (1/1)

Altars:
Cheibriados
Dithmenos
Elyvilon
Fedhas
Gozag
Kikubaaqudgha
Makhleb
Nemelex Xobeh
Okawaru
Pakellas
Qazlal
Ru
Sif Muna
Trog
Vehumet
Xom
Yredelemnul
Zin
The Shining One
Beogh
Jiyva
Lugonu

Shops:
D :[:(!(=[?}[*=%=!

Annotations:
D exclusion: oklob plant, Kirke


Innate Abilities, Weirdness & Mutations

You are tiny and cannot use many weapons and most armour.
You have supernaturally acute eyesight.
You are an herbivore.
You cover ground extremely quickly.
You need consume almost no food.


Message History

Aim: a slime creature (lightly wounded)
The spray of energy hits the slime creature.
The slime creature is lightly wounded.
The spray of energy hits the slime creature.
The slime creature is lightly wounded.
The slime creature hits you!!
* * * LOW HITPOINT WARNING * * *
The slime creature completely misses you.
Two slime creatures merge to form a large slime creature.
Unknown command.
Read which item? (? for menu, Esc to quit)
Okay, then.
Casting: Dazzling Spray
Confirm with . or Enter, or press ? or * to list all spells.
Aiming: Ensorcelled Hibernation
Press: ? - help, Shift-Dir - straight line, f/p - large slime creature
Aim: a large slime creature (lightly wounded, chance to defeat MR: 42%)
The slime creature resists with some effort.
The slime creature hits you!!
You die...

≈§§§≈§≈## §§≈§§≈≈## §≈8§§§§≈##++#
≈§§§≈§ ...### §≈§§ ....#
#+++#+++## ...# .........# ..#
≈.##+##..# ####^#
≈##...##.####.JJ@### ≈#..#..#
...#$.#^..####
###.#.####..#####.^##.# ?=)
.###%###.##..#.(+..#).#▓$$[??$?$▓
#.##.##...#..#..#..#.%#▓?$?[$!?!▓
##'.<.'###'..####..##(#▓!!??)$!(
#.##.##...#....###.^.##▓▓▓▓▓▓▓+
.###'###.##...§.§≈≈≈≈≈≈≈≈≈≈≈≈≈.
###...####≈§....§≈#+########+###


You could see a large slime creature and a slime creature.

Vanquished Creatures
  A great orb of eyes (D)
  A siren (D)
  A yaktaur (D)
  3 polar bears (D)
  A boulder beetle (D)
  Menkaure (D)
  2 hippogriffs (D)
  A vampire mosquito (D)
  A wasp (D)
  4 necrophages (D)
16 creatures vanquished.

Vanquished Creatures (others)
  A boulder beetle (D)
  A crocodile (D)
2 creatures vanquished.

Grand Total: 18 creatures vanquished

Notes
Turn   | Place    | Note
--------------------------------------------------------------
     0 | D        | Kidiri the Spriggan Enchanter began the quest for the Orb.
     0 | D        | Reached XP level 1. HP: 9/9 MP: 5/5
     1 | D        | Noticed a necrophage
     1 | D        | Noticed a necrophage
     1 | D        | Noticed a necrophage
     1 | D        | Noticed a necrophage
    11 | D        | Killed a necrophage
    11 | D        | Reached skill level 1 in Fighting
    11 | D        | Reached skill level 1 in Armour
    11 | D        | Reached skill level 5 in Dodging
    11 | D        | Reached skill level 7 in Stealth
    11 | D        | Reached XP level 2. HP: 15/15 MP: 5/8
    11 | D        | Reached XP level 3. HP: 18/18 MP: 6/10
    11 | D        | Reached XP level 4. HP: 23/23 MP: 6/11
    19 | D        | Killed a necrophage
    19 | D        | Reached skill level 5 in Short Blades
    19 | D        | Reached skill level 8 in Stealth
    19 | D        | Reached skill level 5 in Spellcasting
    19 | D        | Reached skill level 5 in Hexes
    19 | D        | Reached XP level 5. HP: 27/27 MP: 7/14
    25 | D        | Killed a necrophage
    25 | D        | Reached skill level 9 in Stealth
    34 | D        | Killed a necrophage
    34 | D        | Reached skill level 10 in Stealth
    34 | D        | Reached XP level 6. HP: 12/32 MP: 9/17
    38 | D        | Learned a level 2 spell: Ensorcelled Hibernation
    42 | D        | Learned a level 3 spell: Confuse
    46 | D        | Learned a level 3 spell: Tukima's Dance
    50 | D        | Learned a level 3 spell: Dazzling Spray
   219 | D        | Noticed a hippogriff
   219 | D        | Noticed a hippogriff
   222 | D        | Noticed a siren
   238 | D        | Killed a siren
   238 | D        | Reached skill level 1 in Conjurations
   238 | D        | Reached skill level 1 in Ice Magic
   238 | D        | Reached XP level 7. HP: 19/36 MP: 9/19
   379 | D        | Noticed a boulder beetle
   379 | D        | Noticed a boulder beetle
   388 | D        | Killed a hippogriff
   388 | D        | Reached skill level 10 in Dodging
   388 | D        | Reached skill level 11 in Stealth
   392 | D        | Killed a hippogriff
   884 | D        | Killed a boulder beetle
   892 | D        | Killed a boulder beetle
   892 | D        | Reached skill level 12 in Stealth
   892 | D        | Reached XP level 8. HP: 42/42 MP: 13/22
   900 | D        | Noticed an obsidian statue
   902 | D        | Noticed Menkaure
   903 | D        | Found Gume's Jewellery Boutique.
   903 | D        | Noticed Kirke
   903 | D        | Noticed a yaktaur captain
   903 | D        | Noticed a kobold demonologist
   904 | D        | Killed Menkaure
   940 | D        | Noticed a flying skull
   940 | D        | Noticed a flying skull
   940 | D        | Noticed a flying skull
   941 | D        | Noticed a flying skull
   941 | D        | Noticed a flying skull
   941 | D        | Noticed a flying skull
   941 | D        | Noticed a flying skull
   942 | D        | Noticed a flying skull
   942 | D        | Noticed a flying skull
   942 | D        | Noticed a flying skull
   942 | D        | Noticed a flying skull
   943 | D        | Found Wico's Distillery.
   944 | D        | Found Extofag's Food Boutique.
   945 | D        | Found Uhymuss's General Store.
   945 | D        | Found Micet's Jewellery Shop.
   946 | D        | Found Afefummue's Gadget Boutique.
   946 | D        | Found Ficubed's Antique Armour Boutique.
   955 | D        | Found Ryriwiti's Antique Armour Shop.
   961 | D        | Noticed a flying skull
   962 | D        | Found Vupn's Magic Scroll Shop.
   963 | D        | Found Korghos's Jewellery Shop.
   963 | D        | Found Yrutah's Weapon Boutique.
   966 | D        | Found Oblouklegi's Distillery.
   966 | D        | Found Tobiuhodd's Antique Weapon Boutique.
   966 | D        | Noticed an oklob plant
   967 | D        | Found Situkipn's Antique Armour Shop.
   967 | D        | Found Ymocu's Book Boutique.
   967 | D        | Found Tithaemo's Book Shoppe.
   976 | D        | Bought a book of Geomancy for 490 gold pieces
   979 | D        | Learned a level 2 spell: Passwall
   983 | D        | Learned a level 3 spell: Stone Arrow
   988 | D        | Learned a level 4 spell: Petrify
   994 | D        | Learned a level 5 spell: Lee's Rapid Deconstruction
  1039 | D        | Found a glowing golden altar of the Shining One.
  1040 | D        | Found a sparkling altar of Nemelex Xobeh.
  1041 | D        | Found an iron altar of Okawaru.
  1041 | D        | Found an ancient bone altar of Kikubaaqudgha.
  1041 | D        | Found a corrupted altar of Lugonu.
  1041 | D        | Found a radiant altar of Vehumet.
  1042 | D        | Found a bloodstained altar of Trog.
  1042 | D        | Found a basalt altar of Yredelemnul.
  1042 | D        | Found a deep blue altar of Sif Muna.
  1043 | D        | Found a sacrificial altar of Ru.
  1043 | D        | Found a viscous altar of Jiyva.
  1044 | D        | Found an oddly glowing altar of Pakellas.
  1044 | D        | Found a snail-covered altar of Cheibriados.
  1045 | D        | Found a shimmering altar of Xom.
  1045 | D        | Found a stormy altar of Qazlal.
  1046 | D        | Noticed a yaktaur
  1046 | D        | Noticed a polar bear
  1048 | D        | Noticed a polar bear
  1048 | D        | Noticed a polar bear
  1051 | D        | Killed a polar bear
  1051 | D        | Reached skill level 1 in Earth Magic
  1054 | D        | Killed a polar bear
  1054 | D        | Reached skill level 10 in Spellcasting
  1054 | D        | Reached skill level 1 in Transmutations
  1059 | D        | Killed a polar bear
  1067 | D        | Killed a yaktaur
  1067 | D        | Reached skill level 13 in Stealth
  1067 | D        | Reached XP level 9. HP: 46/46 MP: 6/24
  1128 | D        | Found a roughly hewn altar of Beogh.
  1130 | D        | Found a blossoming altar of Fedhas.
  1130 | D        | Found a burning altar of Makhleb.
  1130 | D        | Found a shadowy altar of Dithmenos.
  1131 | D        | Found an opulent altar of Gozag.
  1131 | D        | Found a white marble altar of Elyvilon.
  1131 | D        | Found a glowing silver altar of Zin.
  1146 | D        | Became a worshipper of Dithmenos the Shadowed
  1160 | D        | Noticed a great orb of eyes
  1171 | D        | Killed a great orb of eyes
  1171 | D        | Reached skill level 5 in Fighting
  1171 | D        | Reached skill level 1 in Invocations
  1360 | D        | Mangled by a slime creature

Vault maps used:
D:        the_violet_keep_of_menkaure

Action                   |  1- 3 |  4- 6 |  7- 9 || total
-------------------------+-------+-------+-------++-------
Melee: Dagger            |     7 |    30 |    48 ||    85
 Cast: Corona            |       |     1 |       ||     1
       Confuse           |       |     2 |     7 ||     9
       Tukima's Dance    |       |     1 |       ||     1
       Ensorcelled Hiber |       |       |    11 ||    11
       Dazzling Spray    |       |       |     7 ||     7
  Use: Potion            |     1 |       |       ||     1
 Stab: Confused          |       |     1 |     7 ||     8
       Sleeping          |       |       |     6 ||     6
       Invisible         |       |       |     2 ||     2
